 Dungeon Crawl Stone Soup version 0.25-a0-578-gc91f01c39c (webtiles) character file.

Game seed: 13903255003895172083, levelgen mode: classic

8817 EnegeticOcto the Cleaver (level 11, -7/106 HPs)
             Began as a Deep Dwarf Fighter on Mar 5, 2020.
             Was a Priest of Makhleb.
             Mangled by a slime creature (8 damage)
             ... on level 12 of the Dungeon.
             The game lasted 00:04:46 (5981 turns).

EnegeticOcto the Cleaver (Deep Dwarf Fighter)       Turns: 5981, Time: 00:04:47

Health: -7/106     AC: 17    Str: 24    XL:     11   Next: 14%
Magic:  10/10      EV:  5    Int:  8    God:    Makhleb [***...]
Gold:   704        SH: 11    Dex: 12    Spells: 10/10 levels left

rFire    . . .     SeeInvis .   a - +1 war axe
rCold    . . .     Gourm    .   c - +0 kite shield
rNeg     . . .     Faith    .   l - +0 plate armour
rPois    .         Spirit   .   (no helmet)
rElec    .         Reflect  .   t - +1 cloak
rCorr    .         Harm     +   p - +0 pair of gloves
MR       +....                  (no boots)
Stlth    ..........             A - amulet of harm
HPRegen  0.00/turn              (no ring)
MPRegen  0.12/turn              (no ring)

@: non-regenerating
A: damage resistance, heal wounds, sense surroundings 2, no regeneration
a: Heal Wounds, Minor Destruction, Lesser Servant of Makhleb, Renounce Religion


You were on level 12 of the Dungeon.
You worshipped Makhleb.
Makhleb was most pleased with you.
You were not hungry.

You visited 2 branches of the dungeon, and saw 13 of its levels.
You also visited: Sewer.

You collected 704 gold pieces.

Inventory:

Hand Weapons
 a - a +1 war axe (weapon)
Armour
 c - a +0 kite shield (worn)
 l - a +0 plate armour (worn)
 p - a +0 pair of gloves (worn)
 t - a +1 cloak (worn)
Jewellery
 A - an amulet of harm (around neck)
Wands
 q - a wand of iceblast (5)
 x - a wand of flame (51)
 B - a wand of clouds (6)
Scrolls
 d - a scroll of immolation {@r4}
 g - a scroll of blinking {@r3}
 h - 2 scrolls of teleportation {@r2}
 j - 3 scrolls of fog
 o - 4 scrolls of remove curse {@r6}
 u - 3 scrolls of enchant armour
 y - 5 scrolls of identify {@r1}
 z - 2 scrolls of fear
Potions
 b - a potion of ambrosia {unknown}
 f - a potion of curing {@q1}
 i - 2 potions of heal wounds {unknown}
 k - 6 potions of might {@q3}
 m - a potion of resistance {@q6}
 n - a potion of haste {@q4}
 r - a potion of berserk rage
 s - 2 potions of magic
 v - a potion of lignification {@q7}
 w - 2 potions of invisibility
Comestibles
 e - 24 rations


   Skills:
 * Level 9.1 Fighting
 * Level 10.4 Axes
 + Level 7.8 Armour
 + Level 7.8 Shields
 * Level 8.8 Invocations


You had 10 spell levels left.
You didn't know any spells.
Your spell library was empty.

Dungeon Overview and Level Annotations

Branches:
Dungeon (11/15)            Temple (1/1) D:6            Lair (0/6) D:8
    Orc (0/2) D:11          Sewer (visited)

Altars:
Ashenzari
Cheibriados
Dithmenos
Elyvilon
Fedhas
Gozag
Hepliaklqana
Kikubaaqudgha
Makhleb
Nemelex Xobeh
Okawaru
Qazlal
Ru
Sif Muna
Trog
Uskayaw
Vehumet
Wu Jian
Xom
Yredelemnul
Zin
The Shining One

Shops:
D:5 ?   D:6 *


Innate Abilities, Weirdness & Mutations

You are resistant to damage.
You can heal yourself by infusing magical energy.
You passively map the area around you.
You do not regenerate.


Message History

You slash the large slime creature!
You hit the deep elf mage but do no damage.
You closely miss the tarantella. You hit the hell rat but do no damage.
You slash the slime creature!
The hell rat bites you but does no damage.
The tarantella bites you but does no damage.
The deep elf mage hits you but does no damage.
A large slime creature splits.
The slime creature hits you.
The slime creature hits you but does no damage.
You block the slime creature's attack.
You hit the slime creature.
The slime creature is severely wounded.
You barely miss the slime creature. You hit the hell rat.
You miss the tarantella.
Your shield and plate armour prevent you from hitting the deep elf mage.
You slash the slime creature! x3; The tarantella bites you!
The hell rat bites you.
The deep elf mage hits you but does no damage.
The slime creature hits you but does no damage.
You block the slime creature's attack.
The slime creature hits you but does no damage.
The slime creature hits you.
The slime creature hits you but does no damage.
You hit the hell rat.
You kill the hell rat!
The hell rat's corpse disappears in a puff of smoke!
You closely miss the tarantella. You hit the deep elf mage.
You slash the slime creature! You hit the slime creature. x2
You completely miss the slime creature.
Your shield and plate armour prevent you from hitting the slime creature.
You block the tarantella's attack. x2; The deep elf mage barely misses you.
You block the slime creature's attack.
The slime creature hits you but does no damage.
The slime creature hits you! The slime creature hits you. x2
Your plate armour prevents you from hitting the slime creature.
The slime creature is severely wounded.
You slash the slime creature!
You hit the chaos spawn but do no damage.
You miss the tarantella. You slash the deep elf mage!
Your shield prevents you from hitting the slime creature.
You hit the slime creature but do no damage.
You hit the slime creature. The tarantella bites you.
You are confused.
The deep elf mage hits you but does no damage.
The slime creature hits you! The slime creature hits you.
The chaos spawn gores you but does no damage.
The slime creature hits you!
* * * LOW HITPOINT WARNING * * *
The slime creature hits you but does no damage. x2
The tarantella bites you but does no damage.
You are too injured to fight recklessly!
You are too injured to fight recklessly!
You are too injured to fight recklessly!
You are too injured to fight recklessly!
You are too injured to fight recklessly!
You are too injured to fight recklessly!
You are too injured to fight recklessly!
You are too injured to fight recklessly!
You are too injured to fight recklessly!
You are too injured to fight recklessly!
You are too injured to fight recklessly!
You are too injured to fight recklessly!
You are too injured to fight recklessly!
You are too injured to fight recklessly!
You are too injured to fight recklessly!
You're too confused!
You're too confused!
You are too injured to fight recklessly!
You are too injured to fight recklessly!
You are too injured to fight recklessly!
You are too injured to fight recklessly!
You are too injured to fight recklessly!
You're too confused!
You're too confused!
You feel better. The tarantella bites you.
* * * LOW HITPOINT WARNING * * *
You are confused.
The deep elf mage barely misses you.
The slime creature hits you but does no damage. x2
The chaos spawn gores you. The chaos spawn freezes you!
* * * LOW HITPOINT WARNING * * *
The slime creature hits you.
* * * LOW HITPOINT WARNING * * *
The slime creature hits you!
* * * LOW HITPOINT WARNING * * *
The slime creature hits you but does no damage.
You are too injured to fight recklessly!
You are too injured to fight recklessly!
You are too injured to fight recklessly!
You are too injured to fight recklessly!
You are too injured to fight recklessly!
You feel better. The tarantella bites you. The deep elf mage barely misses you.
The slime creature hits you!
* * * LOW HITPOINT WARNING * * *
The slime creature hits you.
* * * LOW HITPOINT WARNING * * *
The chaos spawn hits you but does no damage.
The slime creature barely misses you. You block the slime creature's attack.
The slime creature hits you!
You die...

* ** * ** , * , ,
,............. , ,
, , .............#
* ,..............#
, ..............# ,
..............# * ,
..............#* ,,
** , ,
)........JJJ..####
, * * ,
.........J@J......,
* *
#......4se...... *
, , * *
#............... ,
, **
#..............., ,
* #.........(..###
** , , *
#.>..........# , ,
**
*#.......##...#,* *
, , .........# ....
, , , ..........#
..# * ,


You could see 5 slime creatures, a deep elf mage, a chaos spawn and a
tarantella.

Vanquished Creatures
  A two-headed ogre (D:8)
  An unseen horror (D:11)
  Pikel (D:5)
  An ugly thing (D:11)
  A troll (D:11)
  3 hornets (D:8)
  2 hippogriffs
  2 wyverns (D:9)
  Eustachio (D:6)
  Grum (D:9)
  2 hungry ghosts
  A steam dragon (D:9)
  A soldier ant (D:8)
  2 water moccasins (D:10)
  A phantom (D:9)
  2 orc warriors
  4 sky beasts
  2 eyes of draining
  2 ice beasts
  4 ogres
  3 centaurs (D:7)
  3 wolves (D:9)
  2 crocodiles
  A big kobold (D:9)
  Blork the orc (D:6)
  4 bullfrogs
  4 scorpions
  4 killer bees (D:7)
  6 howler monkeys
  5 wights (D:8)
  A centaur zombie (D:6)
  2 crimson imps
  A centaur skeleton (D:10)
  7 hounds
  A jelly (D:6)
  A quasit (D:9)
  An orc priest (D:9)
  7 orc wizards
  11 worker ants
  2 iguanas
  A hound zombie (D:9)
  3 worker ant zombies
  A howler monkey skeleton (D:7)
  18 adders
  4 shadow imps
  An adder zombie (D:9)
  2 adder skeletons
  3 worms
  A dart slug (D:4)
  6 leopard geckos
  22 orcs
  7 giant cockroaches
  2 goblins
  A hobgoblin (D:3)
  6 quokkas
  6 bats
  4 frilled lizards
  A jackal skeleton (D:6)
  6 kobolds
  2 leopard gecko skeletons
  A leopard gecko zombie (D:5)
  A rat (D:3)
201 creatures vanquished.

Vanquished Creatures (others)
  A worker ant (D:5)
1 creature vanquished.

Grand Total: 202 creatures vanquished

Notes
Turn   | Place    | Note
-------+----------+-------------------------------------------
     0 | D:1      | EnegeticOcto the Deep Dwarf Fighter began the quest for the
                  | Orb.
     0 | D:1      | Reached XP level 1. HP: 20/20 MP: 1/1
   213 | D:2      | Reached XP level 2. HP: 27/27 MP: 2/2
   283 | D:3      | Reached XP level 3. HP: 31/34 MP: 3/3
   449 | D:3      | Reached skill level 3 in Axes
   503 | D:3      | Reached XP level 4. HP: 32/42 MP: 4/4
   651 | D:3      | Found a white marble altar of Elyvilon.
   826 | D:3      | Reached XP level 5. HP: 30/50 MP: 5/5
   850 | D:3      | Found a glowing drain.
   855 | Sewer    | Entered a sewer
   896 | Sewer    | Noticed a crocodile
   908 | Sewer    | Killed a crocodile
   908 | Sewer    | Reached skill level 4 in Axes
  1208 | D:4      | Reached XP level 6. HP: 57/57 MP: 6/6
  1539 | D:5      | Entered Level 5 of the Dungeon
  1573 | D:5      | Noticed Pikel
  1573 | D:5      | Noticed a slave
  1574 | D:5      | Noticed a slave
  1575 | D:5      | Noticed a slave
  1580 | D:5      | Noticed a slave
  1595 | D:5      | Killed Pikel
  1595 | D:5      | Reached skill level 5 in Fighting
  1595 | D:5      | Reached skill level 5 in Axes
  1595 | D:5      | Reached skill level 5 in Armour
  1595 | D:5      | Reached XP level 7. HP: 58/67 MP: 7/7
  1608 | D:5      | Found a white marble altar of Elyvilon.
  1745 | D:5      | Reached skill level 5 in Shields
  1792 | D:5      | Reached skill level 6 in Axes
  1793 | D:5      | Found Roeh's Magic Scroll Shop.
  2187 | D:6      | Noticed Eustachio
  2193 | D:5      | Reached XP level 8. HP: 45/75 MP: 8/8
  2266 | D:6      | Killed Eustachio
  2351 | D:6      | Reached skill level 7 in Axes
  2548 | D:6      | Found Qutz's General Store.
  2566 | D:6      | Noticed Blork the orc
  2579 | D:6      | Killed Blork the orc
  2671 | D:6      | Found a staircase to the Ecumenical Temple.
  2768 | Temple   | Entered the Ecumenical Temple
  2802 | Temple   | Became a worshipper of Makhleb the Destroyer
  2986 | D:6      | Reached skill level 1 in Invocations
  3258 | D:7      | Gained mutation: You passively map the area around you.
                  | [Deep Dwarf growth]
  3258 | D:7      | Reached XP level 9. HP: 74/85 MP: 8/8
  3333 | D:7      | Found a shadowy altar of Dithmenos.
  3461 | D:7      | Reached skill level 8 in Axes
  3820 | D:8      | Found a staircase to the Lair.
  3829 | D:8      | Reached * piety under Makhleb
  3990 | D:8      | Reached skill level 5 in Invocations
  4063 | D:8      | Noticed a two-headed ogre
  4077 | D:8      | Killed a two-headed ogre
  4077 | D:8      | Reached skill level 9 in Axes
  4100 | D:8      | Reached XP level 10. HP: 69/96 MP: 11/11
  4190 | D:8      | Paralysed by a hornet for 3 turns
  4475 | D:9      | Reached ** piety under Makhleb
  4808 | D:9      | Noticed Grum
  4830 | D:9      | Killed Grum
  4930 | D:9      | Reached skill level 10 in Axes
  5193 | D:10     | Entered Level 10 of the Dungeon
  5504 | D:10     | Reached *** piety under Makhleb
  5846 | D:11     | Reached XP level 11. HP: 71/104 MP: 12/12
  5857 | D:11     | Killed an unseen horror
  5880 | D:11     | Noticed a cyan ugly thing
  5910 | D:11     | Killed a cyan ugly thing
  5964 | D:11     | You fall into a shaft and drop 1 floor!
  5966 | D:12     | Noticed a deep elf mage
  5981 | D:12     | HP: 3/106 [slime creature (12)]
  5981 | D:12     | HP: 1/106 [slime creature (2)]
  5981 | D:12     | Mangled by a slime creature

Levels and vault maps discovered:
D:1:      matt_arrival_spirals, layout_rooms, grunt_decor_resistance,
          minmay_misc_feat_rugged, fountainhead
D:2:      layout_loops_cross, first_ration
D:3:      kennysheep_big_flooded_room, layout_basic, gup_sewer_entry_spiral,
          elyvilon_altar_5
D:4:      layout_basic, corexii_corridor_pit
D:5:      layout_basic, kennysheep_mini_moat, serial_shops, shop_fountains,
          uniq_pikel
D:6:      layout_basic, minmay_temple_entry_poolview, serial_shops, shop,
          minivault_25, uniq_blork_the_orc, uniq_eustachio
D:7:      layout_loops_ring, grunt_dithmenos_smoke_and_mirrors
D:8:      layout_cave_pools, lair_entry_dummy, hangedman_pestilent_swarm
D:9:      layout_big_octagon, nooodl_food_tri, uniq_grum
D:10:     layout_cave_pools
D:11:     layout_loops_ring, kennysheep_orc_monster_closet_entryway,
          nicolae_trove_entry_diagonal, grunt_gozag_statues
D:12:     layout_long_grid, gammafunk_ghost_abyssal_escape,
          minmay_misc_feat_hallway
Temple:   nicolae_temple_the_god_donut

Skill      XL: |  1  2  3  4  5  6  7  8  9 10 11 |
---------------+----------------------------------+-----
Fighting       | 3 4 5 6 7 8 9 |  9.1
Axes           | 3 4 5 6 7 9 10 | 10.4
Armour         | 4 5 6 7 |  7.8
Shields        | 4 5 6 7 |  7.8
Invocations    | 2 5 8 |  8.8

Action                   |  1- 3 |  4- 6 |  7- 9 | 10-12 || total
-------------------------+-------+-------+-------+-------++-------
Melee: War axe           |    70 |   192 |   445 |   339 ||  1046
 Abil: Heal Wounds       |       |     2 |     9 |    14 ||    25
Evoke: Wand              |       |       |       |     5 ||     5
  Use: Scroll            |       |       |    11 |     7 ||    18
       Potion            |       |       |       |     2 ||     2
  Eat: Chunk             |       |     3 |     8 |     8 ||    19
       Ration            |       |       |     2 |       ||     2
Armor: Scale mail        |    21 |       |       |       ||    21
       Plate armour      |    19 |   106 |   305 |   229 ||   659
Dodge: Dodged            |    17 |    38 |    86 |    60 ||   201
Block: Kite shield       |    38 |    87 |   260 |   210 ||   595

Table legend:
 A = Non-vault XP
 B = Vault XP
 C = Vault XP percentage of total XP
 D = Non-vault monster count
 E = Vault monster count
 F = Vault count percentage of total count
                 A         B        C        D         E       F
            +---------+---------+-------+---------+---------+-------
      Total |    9739 |    2858 |  22.7 |     171 |      30 |  14.9
            +---------+---------+-------+---------+---------+-------
        D:1 |       3 |       0 |   0.0 |       2 |       0 |   0.0
        D:2 |      15 |       0 |   0.0 |       2 |       0 |   0.0
        D:3 |     140 |      57 |  28.9 |      16 |      10 |  38.5
        D:4 |     165 |       0 |   0.0 |      17 |       0 |   0.0
        D:5 |     341 |     673 |  66.4 |       9 |       1 |  10.0
        D:6 |     766 |     291 |  27.5 |      20 |       2 |   9.1
        D:7 |    1297 |       0 |   0.0 |      20 |       0 |   0.0
        D:8 |    2120 |     991 |  31.9 |      21 |       4 |  16.0
        D:9 |    2205 |     737 |  25.1 |      36 |       7 |  16.3
       D:10 |     895 |       0 |   0.0 |      20 |       0 |   0.0
       D:11 |    1792 |       0 |   0.0 |       8 |       0 |   0.0
      Sewer |       0 |     109 | 100.0 |       0 |       6 | 100.0
            +---------+---------+-------+---------+---------+-------
